 Dungeon Crawl Stone Soup version 0.18.1-1-g2f07953 (webtiles) character file.

5705 Sixotanaka the Carver (level 11, -2/79 HPs)
             Began as a Human Fighter on May 22, 2016.
             Was a Believer of Okawaru.
             Impaled on a porcupine's spines (10 damage)
             ... on level 1 of the Lair of Beasts on May 23, 2016.
             The game lasted 00:34:57 (16296 turns).

Sixotanaka the Carver (Human Fighter)              Turns: 16296, Time: 00:34:57

Health: -2/79      AC:  7    Str: 17    XL:     11   Next: 5%
Magic:  12/13      EV:  7    Int: 10    God:    Okawaru [**....]
Gold:   705        SH:  9    Dex: 14    Spells: 0 memorised, 10 levels left

rFire  . . .     SeeInvis .     a - +0 long sword
rCold  + . .     Gourm    .     b - +0 scale mail
rNeg   . . .     Faith    +     c - +0 shield
rPois  .         Spirit   .     (no helmet)
rElec  .         Dismiss  .     (no cloak)
rCorr  +         Reflect  .     N - +0 pair of gloves
SustAt .         Harm     .     (no boots)
MR     .....                    m - amulet of faith {!P}
Stlth  ..........               A - ring of protection from cold
                                Q - ring of resist corrosion

@: not resistant to hostile enchantments, extremely unstealthy
A: no striking features
a: Heroism, Renounce Religion


You were on level 1 of the Lair of Beasts.
You worshipped Okawaru.
Okawaru was pleased with you.
You were not hungry.

You visited 3 branches of the dungeon, and saw 11 of its levels.

You collected 705 gold pieces.


   Skills:
 + Level 5.0 Fighting
 - Level 14.1 Long Blades
 - Level 3.0 Armour
 - Level 3.0 Shields
 + Level 3.8 Evocations


You had 10 spell levels left.
You didn't know any spells.

Dungeon Overview and Level Annotations

Branches:
Dungeon (9/15)             Temple (1/1) D:7            Lair (1/8) D:9
    Orc: D:9-12

Altars:
Ashenzari
Cheibriados
Dithmenos
Elyvilon
Fedhas
Gozag
Kikubaaqudgha
Makhleb
Nemelex Xobeh
Okawaru
Pakellas
Qazlal
Ru
Sif Muna
Trog
Vehumet
Xom
Yredelemnul
Zin
The Shining One

Annotations:
D:4 Sixotanaka's ghost, amateur HuFi
D:5 Pikel
D:9 kspaans's ghost, novice KoAs

Inventory:

Hand Weapons
 a - a +0 long sword (weapon)
 S - a +0 blowgun
Missiles
 G - a tomahawk of dispersal {!f}
 H - a throwing net
 O - 7 tomahawks (quivered)
Armour
 b - a +0 scale mail (worn)
 c - a +0 shield (worn)
 N - a +0 pair of gloves (worn)
Jewellery
 m - an amulet of faith (around neck) {!P}
 u - an uncursed ring of sustain attributes
 x - an uncursed amulet of guardian spirit
 A - a ring of protection from cold (right hand)
 Q - a ring of resist corrosion (left hand)
Wands
 w - a wand of lightning (9/15)
 D - a wand of acid (9/15)
 F - a wand of polymorph (23/24)
 K - a wand of confusion (23/48)
 M - a wand of slowing (23/48)
 R - a wand of flame (18/48)
Scrolls
 e - 2 scrolls of blinking
 g - 2 scrolls of random uselessness
 h - 3 scrolls of fog
 i - 3 scrolls of recharging
 p - 3 scrolls of enchant weapon
 q - a scroll of noise {unknown}
 y - 2 scrolls of remove curse {@r2}
 E - a scroll of holy word {unknown}
 I - a scroll of enchant armour {unknown}
 L - a scroll of summoning {unknown}
Potions
 d - a potion of mutation {unknown}
 k - 2 potions of resistance
 l - 3 potions of curing {@q1}
 n - 2 potions of heal wounds {unknown}
 o - 2 potions of brilliance
 r - a potion of cancellation {unknown}
 s - a potion of cure mutation {unknown}
 t - a potion of ambrosia {unknown}
 J - a potion of flight {unknown}
Miscellaneous
 P - a phantom mirror
Comestibles
 f - 6 bread rations
 j - 2 chunks of flesh
 z - 2 slices of pizza
 C - 3 fruits

#...#### ###
#P.#.......#.. #>..##
##...####.+... #....#
#............. #...##
##.......##### #...P#
#......## ##...##
##......# #.....## ###
###.......#
##..(#.###.####.##......#
#..........hr@..........#
##.........####.######..#
#P..........# ### #..#
#### ##.........##
#..###P## #.........#
#........ #....####.##
#........ #...## #..#
#........ #...## #r##
######........ ##..#
#..#####.#.##........


You could see a wolf and a porcupine.


Message History

As you read the scroll of teleportation {@r4}, it crumbles to dust.
You feel strangely unstable. The wolf misses you.
You block the wolf's attack. x2
The wolf barely misses you. You block the wolf's attack. The wolf bites you.
* * * LOW HITPOINT WARNING * * *
The wolf closely misses you.
Your surroundings seem slightly different.
You feel like a meek peon again. You block the wolf's attack.
The wolf barely misses you. The wolf bites you.
* * * LOW HITPOINT WARNING * * *
You closely miss the wolf. The wolf bites you.
* * * LOW HITPOINT WARNING * * *
You hit the wolf. The wolf bites you but does no damage.
You hit the wolf but do no damage. You block the wolf's attack.
You closely miss the wolf. The wolf bites you but does no damage.
You block the wolf's attack.
You hit the wolf. The wolf barely misses you.
You miss the wolf. The wolf bites you!
* * * LOW HITPOINT WARNING * * *
Drink which item? (? for menu, Esc to quit)
Okay, then.
Read which item? (? for menu, Esc to quit)
Okay, then.
Drink which item? (? for menu, Esc to quit)
Okay, then.
Drink which item? (? for menu, Esc to quit)
You feel better. The wolf barely misses you. The wolf bites you.
* * * LOW HITPOINT WARNING * * *
Drink which item? (? for menu, Esc to quit)
You feel better. You block the wolf's attack.
Unknown command.
The wolf bites you but does no damage.
You slash the wolf! The wolf bites you.
* * * LOW HITPOINT WARNING * * *
You hit the wolf. You block the wolf's attack. The wolf barely misses you.
You hit the wolf but do no damage. The wolf bites you.
* * * LOW HITPOINT WARNING * * *
You gain the combat prowess of a mighty hero.
You feel slightly more hungry. You block the wolf's attack.
Drink which item? (? for menu, Esc to quit)
Okay, then.
You hit the wolf.
You kill the wolf!
Okawaru accepts your kill. You block the wolf's attack.
You hit the wolf. You block the wolf's attack.
You miss the wolf. The wolf bites you but does no damage.
You slash the wolf! The wolf barely misses you. The wolf closely misses you.
You miss the wolf. You block the wolf's attack.
You hit the wolf but do no damage. The wolf barely misses you.
You barely miss the wolf. You block the wolf's attack.
You hit the wolf. The wolf bites you but does no damage.
You block the wolf's attack.
You closely miss the wolf. The wolf closely misses you.
You slash the wolf!
You kill the wolf!
Okawaru accepts your kill.
Your base Fighting skill increases to level 5!
Drink which item? (? for menu, Esc to quit)
Okay, then.
You slash the porcupine!
The wolf stops to sniff the ground.
You are struck by the porcupine's spines.
* * * LOW HITPOINT WARNING * * *
You completely miss the porcupine.
You feel like a meek peon again.
The porcupine bites you but does no damage.
You are struck by the porcupine's spines.
You die...

Action                   |  1- 3 |  4- 6 |  7- 9 | 10-12 || total
-------------------------+-------+-------+-------+-------++-------
Melee: Long sword        |   108 |   219 |   927 |   532 ||  1786
Invok: Heroism           |       |       |       |     5 ||     5
  Use: Scroll            |       |     8 |     3 |     6 ||    17
       Potion            |       |     1 |     5 |     3 ||     9
  Eat: Chunk             |     1 |     7 |    22 |     8 ||    38
       Beef jerky        |       |       |     1 |       ||     1
       Meat ration       |       |       |       |     2 ||     2
       Royal jelly       |       |       |       |     1 ||     1
       Pizza             |       |       |       |     1 ||     1
Armor: Scale mail        |    53 |    95 |   311 |    92 ||   551
Dodge: Dodged            |    31 |    44 |   206 |   136 ||   417
Block: Shield            |    46 |    84 |   443 |   179 ||   752

Vault maps used:
D:1:      dpeg_arrival_tiny_d, nrook_mini_vaults
D:2:      gammafunk_pakellas_cloud_experiment, zin_statuary
D:3:      minmay_goblin_kobold_castle, uniq_iyjb, uniq_grinder, uniq_terence
D:4:      trog_eyes_of_draining, first_bread, makhleb_blood_cavern_becter
D:5:      slow_altar_1, uniq_sigmund, uniq_pikel
D:7:      lemuel_crystal_altar, minmay_temple_entry_nine_rooms
D:8:      ashenzari_altar_1
D:9:      nicolae_tso_carved_into_rock, lemuel_doored_altar,
          erik_lair_orcish_takeover
Temple:   triangle_lava_temple_12
Lair:1:   wad_woods_04

Notes
Turn   | Place    | Note
--------------------------------------------------------------
     0 | D:1      | Sixotanaka the Human Fighter began the quest for the Orb.
     0 | D:1      | Reached XP level 1. HP: 18/18 MP: 1/1
   241 | D:1      | Reached XP level 2. HP: 17/24 MP: 2/2
   586 | D:1      | Reached skill level 3 in Long Blades
   610 | D:1      | Reached XP level 3. HP: 18/29 MP: 3/3
  1012 | D:2      | Found a glowing silver altar of Zin.
  1209 | D:2      | Reached XP level 4. HP: 35/35 MP: 4/4
  1226 | D:2      | Reached skill level 4 in Long Blades
  1469 | D:2      | Found an oddly glowing altar of Pakellas.
  1469 | D:2      | Noticed a hungry ghost
  1499 | D:2      | Killed a hungry ghost
  2151 | D:3      | Reached XP level 5. HP: 16/41 MP: 5/5
  2348 | D:3      | Noticed Ijyb
  2371 | D:3      | Killed Ijyb
  2371 | D:3      | Reached skill level 5 in Long Blades
  2385 | D:3      | Noticed Terence
  2515 | D:3      | Killed Terence
  3024 | D:3      | Noticed Grinder
  3068 | D:3      | Paralysed by Grinder for 3 turns
  3087 | D:2      | Killed Grinder
  3087 | D:2      | Reached skill level 6 in Long Blades
  3087 | D:2      | Reached XP level 6. HP: 24/47 MP: 6/6
  3407 | D:3      | Reached XP level 7. HP: 27/52 MP: 7/7
  3471 | D:3      | Reached skill level 7 in Long Blades
  4291 | D:3      | Reached skill level 8 in Long Blades
  5291 | D:3      | HP: 13/52 [poisoned by an adder]
  5299 | D:3      | HP: 13/52 [poisoned by an adder]
  5538 | D:4      | Reached XP level 8. HP: 56/58 MP: 8/8
  5549 | D:4      | Noticed Sixotanaka's ghost (amateur HuFi)
  5865 | D:4      | HP: 14/58 [giant cockroach (2)]
  6032 | D:4      | Reached skill level 9 in Long Blades
  6821 | D:4      | Found a bloodstained altar of Trog.
  7100 | D:5      | Entered Level 5 of the Dungeon
  7119 | D:5      | Reached skill level 10 in Long Blades
  7431 | D:5      | Found a snail-covered altar of Cheibriados.
  7455 | D:5      | Reached XP level 9. HP: 62/63 MP: 7/9
  7512 | D:5      | Noticed Pikel
  7553 | D:5      | Noticed Sigmund
  7676 | D:5      | HP: 14/63 [gnoll (3)]
  7677 | D:5      | HP: 5/63 [slave[Pikel] (4)]
  7685 | D:5      | HP: 1/63 [slave[Pikel] (5)]
  7715 | D:5      | HP: 14/63 [slave[Pikel] (3)]
  8037 | D:5      | Reached skill level 11 in Long Blades
  8243 | D:5      | Killed Sigmund
  8999 | D:6      | Reached skill level 12 in Long Blades
  9433 | D:6      | HP: 12/63 [killer bee (5)]
  9737 | D:6      | HP: 15/63 [poisoned by a killer bee]
  9742 | D:6      | HP: 9/63 [poisoned by a killer bee]
  9747 | D:6      | HP: 6/63 [poisoned by a killer bee]
  9752 | D:6      | HP: 4/63 [poisoned by a killer bee]
  9757 | D:6      | HP: 3/63 [poisoned by a killer bee]
  9764 | D:6      | HP: 3/63 [poisoned by a killer bee]
  9772 | D:6      | HP: 2/63 [poisoned by a killer bee]
 10210 | D:6      | Reached XP level 10. HP: 50/70 MP: 10/10
 10520 | D:6      | Reached skill level 13 in Long Blades
 11238 | D:7      | Found an ancient bone altar of Kikubaaqudgha.
 11877 | D:7      | Found a staircase to the Ecumenical Temple.
 11882 | Temple   | Entered the Ecumenical Temple
 11936 | Temple   | Became a worshipper of Warmaster Okawaru
 12498 | D:8      | Reached skill level 14 in Long Blades
 13114 | D:8      | Found a shattered altar of Ashenzari.
 13542 | D:9      | Noticed kspaans's ghost (novice KoAs)
 13840 | D:9      | Reached * piety under Okawaru
 13840 | D:9      | Reached skill level 1 in Evocations
 14510 | D:9      | Found a stormy altar of Qazlal.
 14735 | D:9      | Reached skill level 2 in Evocations
 14936 | D:9      | Found a glowing golden altar of the Shining One.
 14953 | D:9      | Found a staircase to the Lair.
 14988 | D:9      | Reached skill level 4 in Fighting
 15440 | Lair:1   | Entered Level 1 of the Lair of Beasts
 15570 | Lair:1   | Reached skill level 3 in Evocations
 15677 | Lair:1   | HP: 18/73 [porcupine's spines (12)]
 15685 | Lair:1   | HP: 10/73 [porcupine (5)]
 15724 | Lair:1   | HP: 7/73 [porcupine (11)]
 15920 | Lair:1   | Reached ** piety under Okawaru
 15920 | Lair:1   | Reached XP level 11. HP: 28/78 MP: 10/13
 16276 | Lair:1   | HP: 12/78 [wolf (8)]
 16282 | Lair:1   | HP: 16/78 [wolf (6)]
 16293 | Lair:1   | Reached skill level 5 in Fighting
 16295 | Lair:1   | HP: 8/79 [porcupine's spines (10)]
 16296 | Lair:1   | Impaled on a porcupine's spines

Vanquished Creatures
  Grinder (D:2)
  Sigmund (D:5)
  2 wargs (D:9)
  A water moccasin (Lair:1)
  An orc warrior (D:9)
  2 black bears
  2 porcupines (Lair:1)
  3 sky beasts (D:6)
  2 ice beasts
  2 slaves
  An eye of draining (D:4)
  2 phantoms
  5 ogres
  2 wolves (Lair:1)
  2 centaurs
  4 big kobolds
  12 giant frogs
  3 scorpions
  A water moccasin zombie (D:8)
  4 killer bees (D:6)
  A howler monkey (D:4)
  6 crimson imps
  3 giant frog zombies
  3 orc priests
  6 hounds
  4 orc wizards
  A giant frog skeleton (D:6)
  5 iguanas
  Terence (D:3)
  11 worker ants
  Ijyb (D:3)
  A hound skeleton (D:4)
  A howler monkey zombie (D:8)
  2 worker ant zombies
  14 gnolls
  9 adders
  2 shadow imps (D:6)
  2 oozes
  4 adder skeletons
  6 worms
  3 dart slugs
  7 giant geckos
  23 orcs
  4 ball pythons
  4 bats (D:3)
  8 giant cockroaches
  34 goblins
  26 hobgoblins
  18 jackals
  5 quokkas
  8 giant newts
  15 kobolds
  4 rats
295 creatures vanquished.

Vanquished Creatures (others)
  A hungry ghost (D:2)
  A plant (Lair:1)
2 creatures vanquished.

Grand Total: 297 creatures vanquished
